 Dungeon Crawl Stone Soup version 0.24.0-13-gcf9b319 (webtiles) character file.

Game seed: 3840310846031223694, levelgen mode: deterministic

94 Fang the Skirmisher (level 4, 0/29 HPs)
             Began as a Gargoyle Berserker on Dec 6, 2019.
             Was a Believer of Trog.
             Slain by a gnoll
             ... wielding a +0 spear
              (6 damage)
             ... on level 2 of the Dungeon.
             The game lasted 00:03:03 (1621 turns).

Fang the Skirmisher (Gargoyle Berserker)            Turns: 1621, Time: 00:03:04

Health: 0/29       AC:  7    Str: 21    XL:     4   Next: 63%
Magic:  4/4        EV: 12    Int:  8    God:    Trog [**....]
Gold:   66         SH:  0    Dex:  9    Spells: 3/3 levels left

rFire    . . .     SeeInvis .   a - +0 hand axe
rCold    . . .     Gourm    .   (no shield)
rNeg     + . .     Faith    .   b - +0 animal skin
rPois    ∞         Spirit   .   (no helmet)
rElec    +         Reflect  .   (no cloak)
rCorr    .         Harm     .   (no gloves)
MR       ++...                  l - +0 pair of boots (curse)
Stlth    +.........             (no amulet)
HPRegen  1.09/turn              (no ring)
MPRegen  0.09/turn              (no ring)

@: regenerating, very slow
A: negative energy resistance 1, electricity resistance, unbreathing,
petrification resistance, rot immunity, AC +3
a: Berserk, Trog's Hand, Renounce Religion


You were on level 2 of the Dungeon.
You worshipped Trog.
Trog was pleased with you.
You were not hungry.

You visited 1 branch of the dungeon, and saw 2 of its levels.

You collected 66 gold pieces.

Inventory:

Hand Weapons
 a - a +0 hand axe (weapon)
Armour
 b - a +0 animal skin (worn)
 l - a cursed +0 pair of boots (worn)
Scrolls
 g - 3 scrolls of remove curse {unknown}
 h - 2 scrolls of teleportation {unknown}
 j - a scroll of random uselessness {unknown}
 m - a scroll of identify {unknown}
 n - a scroll of magic mapping {unknown}
 p - a scroll of immolation {unknown}
Potions
 d - a potion of degeneration {unknown}
 e - 2 potions of might {unknown}
 i - 2 potions of resistance {unknown}
 k - a potion of heal wounds {unknown}
 o - a potion of brilliance {unknown}
Comestibles
 c - 7 rations
 f - 10 chunks of flesh


   Skills:
 + Level 4.0 Fighting
 + Level 3.2 Axes
 + Level 3.2 Armour
 + Level 2.3 Dodging


You had 3 spell levels left.
You didn't know any spells.
Your spell library was empty.

Dungeon Overview and Level Annotations

Branches:
Dungeon (2/15)

Altars:
Dithmenos


Innate Abilities, Weirdness & Mutations

You are resistant to torment.
Your stone body is resilient. (AC +3)
You are immune to poison.
You resist negative energy. (rN+)
You are resistant to electric shocks. (rElec)
You can survive without breathing.
You are immune to petrification.
You are immune to rotting.


Message History

The gnoll hits you from afar with a +0 spear. x2
* * * LOW HITPOINT WARNING * * *
You are too injured to fight recklessly!
You are too injured to fight recklessly!
You are too injured to fight recklessly!
You are too injured to fight recklessly!
You are too injured to fight recklessly!
You are too injured to fight recklessly!
You are too injured to fight recklessly!
You are too injured to fight recklessly!
You are too injured to fight recklessly!
You are too injured to fight recklessly!
You are too injured to fight recklessly!
Your skin crawls.
You feel resistant to hostile enchantments.
You feel somewhat more hungry.
The gnoll hits you from afar with a +0 spear.
* * * LOW HITPOINT WARNING * * *
The gnoll hits you from afar with a +0 spear.
You die...

#... #.## #.## #######
#.## # #..<..# #...
#.#.####.###)#######...
##>........÷.≈......'...
.....<###.##≈≈≈######÷).
#......@.†≈≈≈≈#######...
#..#.#w≈≈≈≈≈.....(....##
.≈ggg................
.....g#########.....)##
...#... ######## .. ####
#


You could see a worm, 3 gnolls and a hobgoblin.

Vanquished Creatures
  Robin (D:2)
  2 adders (D:2)
  An ooze (D:1)
  A dart slug (D:1)
  A leopard gecko (D:2)
  3 giant cockroaches (D:1)
  13 goblins
  9 hobgoblins
  A quokka (D:2)
  6 bats
  2 frilled lizards (D:1)
  8 kobolds
  6 rats
54 creatures vanquished.

Notes
Turn   | Place    | Note
-------+----------+-------------------------------------------
     0 | D:1      | Fang the Gargoyle Berserker began the quest for the Orb.
     0 | D:1      | Reached XP level 1. HP: 14/14 MP: 1/1
   145 | D:1      | Reached XP level 2. HP: 10/19 MP: 2/2
   381 | D:1      | Reached XP level 3. HP: 9/23 MP: 3/3
   880 | D:1      | Reached ** piety under Trog
  1147 | D:2      | Found a shadowy altar of Dithmenos.
  1284 | D:2      | Noticed Robin
  1294 | D:2      | Reached XP level 4. HP: 29/29 MP: 4/4
  1308 | D:2      | Killed Robin
  1466 | D:2      | Reached skill level 4 in Fighting
  1621 | D:2      | Slain by a gnoll

Levels and vault maps discovered:
D:1:      dpeg_arrival_chase, layout_basic
D:2:      layout_basic, first_ration, serial_rivers,
          chequers_serial_rivers_micro_d, chequers_serial_rivers_room_a,
          chequers_serial_rivers_large_a, chequers_serial_rivers_micro_a,
          chequers_serial_rivers_small_a, grunt_dithmenos_smoke_and_mirrors,
          uniq_robin

Skill      XL: |  1  2  3  4 |
---------------+-------------+-----
Axes           | 3 |  3.2
Dodging        | 2 |  2.3
Armour         | 3 |  3.2
Fighting       | 4 |  4.0

Action                   |  1- 3 |  4- 6 || total
-------------------------+-------+-------++-------
Melee: Hand axe          |   114 |    51 ||   165
Invok: Berserk           |     1 |       ||     1
       Trog's Hand       |       |     2 ||     2
 Stab: Sleeping          |     1 |       ||     1
  Eat: Chunk             |     1 |     3 ||     4
Armor: Animal skin       |    40 |    26 ||    66
Dodge: Dodged            |    76 |    57 ||   133
